 Dungeon Crawl Stone Soup version 0.29-a0-371-g91724d5b39 (webtiles) character file.

Game seed: 3984423333359798103

12248 ders the Thaumaturge (level 12, 0/70 HPs)
             Began as a Djinni Conjurer on May 2, 2022.
             Was an Initiate of Ashenzari.
             Shot with an arrow by a centaur warrior (16 damage)
             ... on level 11 of the Dungeon.
             The game lasted 00:25:14 (15838 turns).

ders the Thaumaturge (Djinni Conjurer)             Turns: 15838, Time: 00:25:15

Health: 0/70       AC:  7    Str:  9    XL:     12   Next: 17%
Gold:   641        EV: 11    Int: 31    God:    Ashenzari [......] SH:  0 Dex: 12

rFire   + + .      SeeInvis .   K - +2 demon whip (freeze)
rCold   + + .      Faith    .   (no shield)
rNeg    . . .      Spirit   .   B - +0 leather armour of Ederr {rC++ Str+3}
rPois   ∞          Reflect  .   (no helmet)
rElec   .          Harm     .   q - +2 cloak
rCorr   .          Rampage  .   H - +0 pair of gloves
Will    +....                   (boots unavailable)
Stlth   +.........              G - amulet of the acrobat
HPRegen 0.21/turn               t - ring of protection from cold
MPRegen 0.00/turn               A - +6 ring of intelligence

@: about to teleport, flying
A: sickness immunity, fire resistance 2, cold vulnerability 1, float, innate
caster, HP casting, extra vitality 1
a: Renounce Religion, Curse Item


You were on level 11 of the Dungeon.
You worshipped Ashenzari.
Ashenzari was noncommittal.
You visited 2 branches of the dungeon, and saw 12 of its levels.

You collected 641 gold pieces.

Inventory:

Hand Weapons
 p - a +3 quarterstaff of chaos
 K - a +2 demon whip of freezing (weapon)
Armour
 a - a +0 robe
 q - a +2 cloak (worn)
 B - the +0 leather armour of Ederr (worn) {rC++ Str+3}
   (You found it on level 8 of the Dungeon)

   Str:       It affects your strength (+3).
   rC:        It greatly protects you from cold.
 H - a +0 pair of gloves (worn)
Magical Staves
 w - a staff of cold
Jewellery
 t - a ring of protection from cold (left hand)
 A - a +6 ring of intelligence (right hand)
 G - an amulet of the acrobat (around neck)
 I - a ring of fire
Wands
 r - a wand of digging (11)
 x - a wand of mindburst (17)
 C - a wand of paralysis (12)
 E - a wand of iceblast (6)
Scrolls
 e - 3 scrolls of noise {unknown}
 g - 2 scrolls of silence {unknown}
 h - a scroll of vulnerability {unknown}
 i - 4 scrolls of enchant armour {unknown}
 k - a scroll of amnesia {unknown}
 m - 4 scrolls of identify {unknown}
 o - 4 scrolls of magic mapping {unknown}
 u - a scroll of enchant weapon {unknown}
 v - 4 scrolls of blinking {unknown}
 y - 4 scrolls of fog {unknown}
 z - 2 scrolls of fear {unknown}
 J - 2 scrolls of teleportation
Potions
 b - 6 potions of heal wounds {unknown}
 c - a potion of invisibility {unknown}
 d - 2 potions of attraction {unknown}
 f - a potion of lignification {unknown}
 j - 2 potions of haste
 l - 7 potions of curing
 n - 2 potions of magic {unknown}
 s - 3 potions of might {unknown}
 D - a potion of mutation {unknown}
Miscellaneous
 F - a condenser vane


   Skills:
 - Level 2.1 Dodging
 - Level 1.5 Stealth
 + Level 14.6 Spellcasting


You had 12 spell levels left.
You knew the following spells:

 Your Spells              Type           Power      Damage    Failure   Level
a - Magic Dart            Conj           100%       1d8       0%          1
b - Scorch                Fire           100%       2d10      0%          2
c - Dazzling Flash        Conj/Hex       100%       N/A       1%          3
d - Fulminant Prism       Conj/Hex       42%        3d20      1%          4
e - Iskenderun's Mystic   Conj/Tloc      85%        2d17      1%          4
f - Beastly Appendage     Tmut           100%       N/A       0%          1
g - Searing Ray           Conj           100%       2d8       0%          2
h - Corpse Rot            Necr/Air       100%       N/A       0%          2
i - Anguish               Hex/Necr       42%        N/A       1%          4
j - Alistair's Intoxicat  Tmut/Pois      56%        N/A       1%          5
Your spell library was empty.

Dungeon Overview and Level Annotations

Branches:
Dungeon (11/15)            Temple (1/1) D:6             Orc (0/2) D:9
   Lair: D:8-11

Altars:
Ashenzari
Cheibriados
Dithmenos
Elyvilon
Fedhas
Gozag
Hepliaklqana
Kikubaaqudgha
Makhleb
Nemelex Xobeh
Okawaru
Qazlal
Ru
Sif Muna
Trog
Uskayaw
Vehumet
Wu Jian
Xom
Yredelemnul
Zin
The Shining One

Shops:
D:5 =   D:7 [   D:8 [   D:10 (

Annotations:
D:6 2 transporters


Innate Abilities, Weirdness & Mutations

You are immune to sickness and miasma.
You are immune to poison.
Your flesh is very heat resistant. (rF++)
You are vulnerable to cold. (rC-)
You float through the air rather than walking.
You learn spells naturally, not from books.
Your magical power is your life essence.
You have superior vitality. (+4 MHP)


Message History

Casting: Fulminant Prism (safe; 1% risk of failure)
Confirm with . or Enter, or press ? or * to list all spells.
Aiming: Fulminant Prism (safe; 1% risk of failure)
Press: ? - help, Dir - move target You conjure a prism of explosive energy!
A fulminant prism comes into view.
The rakshasa hits your fulminant prism with a +0 trident!
Your fulminant prism crackles loudly.
Something hits your fulminant prism!
Your fulminant prism explodes!
You feel a bit more experienced.
You start resting.
HP restored.
Found a scale mail.
A centaur warrior comes into view.
Casting: Fulminant Prism (safe; 1% risk of failure)
Confirm with . or Enter, or press ? or * to list all spells.
Aiming: Fulminant Prism (safe; 1% risk of failure)
Press: ? - help, Dir - move target You conjure a prism of explosive energy!
The centaur warrior shouts!
A fulminant prism comes into view.
The centaur warrior wields a +0 shortbow.
The centaur warrior shoots an arrow.
The arrow hits you!!
The centaur warrior shoots an arrow.
The arrow hits you!!
The centaur warrior shoots an arrow.
The arrow hits you!
* * * LOW HITPOINT WARNING * * *
Your fulminant prism crackles loudly.
Something hits your fulminant prism but does no damage.
Something kicks your fulminant prism.
Your fulminant prism explodes!
You hear a shout!
You hear a roar!
You hear a bellow!
You hear two shouts!
You hear a shout! x3
As you read the scroll of teleportation, it crumbles to dust.
You feel strangely unstable.
It was a potion of curing.
You feel better.
The centaur warrior wields a +0 shortbow.
The centaur warrior shoots an arrow.
The arrow barely misses you.
The centaur warrior shoots an arrow.
The arrow hits you!
You die...

#. ###. ...### #...#.. #...+..
#...#.. ################...#..
#.c...#............#..
......#.@...##.##.....#..
#.... ##....##[##.....#.. ####
###########....#.. .....
##....##.##.....'..
.....Q#.....##.##..##.#..
#..*..#...R.....##.#..
##########################.#..
#................... ..###
#....####..........# ###


You could see a centaur warrior.

Vanquished Creatures
  A rakshasa (D:11)
  Erolcha (D:11)
  2 two-headed ogres (D:11)
  An unseen horror (D:11)
  A freezing wraith (D:11)
  An efreet (D:8)
  A tengu conjurer (D:11)
  A troll (D:11)
  Sigmund (D:6)
  A wyvern (D:9)
  A wraith (D:10)
  2 shadows (D:10)
  27 yaks
  Eustachio (D:5)
  A steam dragon (D:9)
  A water moccasin (D:8)
  A black bear (D:6)
  An ogre (D:3)
  5 orc warriors
  6 centaurs
  A phantom (D:5)
  2 bullfrogs
  A gnoll sergeant (D:10)
  2 necrophages
  5 scorpions
  8 wights
  10 killer bees
  A howler monkey (D:9)
  2 hounds
  2 jellies
  7 orc priests
  Crazy Yiuf (D:4)
  2 iguanas
  14 orc wizards
  3 gnolls (D:10)
  4 adders
  A shadow imp (D:6)
  A white imp (D:6)
  2 ufetubi
  2 worms
  5 dart slugs
  52 orcs
  12 ball pythons
  3 bats
  3 endoplasms
  3 giant cockroaches
  4 hobgoblins
  4 jackals (D:2)
  3 quokkas
  4 frilled lizards
  5 goblins
  11 kobolds
  5 rats
  A fulminant prism (D:8)
243 creatures vanquished.

Vanquished Creatures (others)
  107 fulminant prisms
107 creatures vanquished.

Grand Total: 350 creatures vanquished

Notes
Turn   | Place    | Note
-------+----------+-------------------------------------------
     0 | D:1      | ders the Djinni Conjurer began the quest for the Orb.
     0 | D:1      | Reached XP level 1. HP: 15/15 MP: 0/0
   229 | D:1      | Reached XP level 2. HP: 18/21 MP: 0/0
   871 | D:1      | Reached XP level 3. HP: 15/25 MP: 0/0
   871 | D:1      | Learned a level 1 spell: Beastly Appendage
  1168 | D:2      | Reached skill level 4 in Spellcasting
  1816 | D:2      | Reached XP level 4. HP: 17/31 MP: 0/0
  2371 | D:3      | Noticed a water elemental
  2506 | D:3      | Found a stormy altar of Qazlal.
  2513 | D:3      | Noticed an earth elemental
  2588 | D:3      | Noticed a fire elemental
  2588 | D:3      | Noticed an air elemental
  2772 | D:3      | Reached XP level 5. HP: 27/35 MP: 0/0
  2772 | D:3      | Learned a level 2 spell: Scorch
  2973 | D:3      | Noticed an ogre
  3055 | D:3      | Killed an ogre
  3056 | D:3      | Reached skill level 5 in Spellcasting
  3056 | D:3      | Reached XP level 6. HP: 33/40 MP: 0/0
  3604 | D:4      | Found an iron altar of Okawaru.
  3748 | D:4      | Reached skill level 6 in Spellcasting
  3748 | D:4      | Reached XP level 7. HP: 38/45 MP: 0/0
  3748 | D:4      | Learned a level 2 spell: Corpse Rot
  4060 | D:4      | Found a runed translucent door.
  4061 | D:4      | Noticed Crazy Yiuf
  4124 | D:4      | Killed Crazy Yiuf
  4355 | D:4      | Found a shadowy altar of Dithmenos.
  5029 | D:5      | Entered Level 5 of the Dungeon
  5538 | D:5      | Reached skill level 7 in Spellcasting
  5736 | D:5      | Reached XP level 8. HP: 26/50 MP: 0/0
  6074 | D:5      | Found a burning altar of Makhleb.
  6395 | D:5      | Noticed Eustachio
  6400 | D:5      | Killed Eustachio
  6706 | D:5      | Found Asty's Jewellery Shop.
  6843 | D:5      | Noticed a yak
  6847 | D:5      | Noticed a yak
  6850 | D:5      | Noticed a yak
  6852 | D:5      | Killed a yak
  6853 | D:5      | Reached skill level 8 in Spellcasting
  6858 | D:5      | Killed a yak
  6862 | D:5      | Killed a yak
  7106 | D:6      | Reached XP level 9. HP: 46/55 MP: 0/0
  7106 | D:6      | Learned a level 4 spell: Anguish
  7284 | D:6      | Reached skill level 9 in Spellcasting
  7408 | D:6      | Found a transporter.
  7476 | D:6      | Noticed a kobold demonologist
  7525 | D:6      | Noticed a kobold demonologist
  7638 | D:6      | Found a staircase to the Ecumenical Temple.
  7648 | Temple   | Entered the Ecumenical Temple
  8311 | D:6      | Noticed Sigmund
  8314 | D:6      | Killed Sigmund
  8315 | D:6      | Reached skill level 10 in Spellcasting
  8434 | D:6      | Found a transporter.
  9042 | D:7      | Found Watuywk's Antique Armour Boutique.
  9634 | D:8      | Noticed an efreet
 10055 | D:8      | Killed an efreet
 10056 | D:8      | Reached XP level 10. HP: 15/60 MP: 0/0
 10295 | D:8      | Found a shimmering altar of Xom.
 10339 | D:8      | Found a shimmering altar of Xom.
 10339 | D:8      | Found a shimmering altar of Xom.
 10354 | D:8      | Found a shimmering altar of Xom.
 10357 | D:8      | Found a shimmering altar of Xom.
 10470 | D:8      | Identified the +0 leather armour of Ederr {rC++ Str+3}
 10686 | D:8      | Found an ornate altar of the Wu Jian Council.
 10780 | D:8      | Reached skill level 11 in Spellcasting
 10856 | D:8      | Found Qoicyg's Armour Boutique.
 11528 | D:9      | Reached skill level 12 in Spellcasting
 11644 | D:9      | Found a staircase to the Orcish Mines.
 11875 | D:9      | Reached XP level 11. HP: 26/65 MP: 0/0
 11875 | D:9      | Learned a level 5 spell: Alistair's Intoxication
 12186 | D:9      | Reached skill level 13 in Spellcasting
 12515 | D:9      | Found an opulent altar of Gozag.
 12925 | D:10     | Entered Level 10 of the Dungeon
 13006 | D:10     | Found Colimp's Antique Weapon Shop.
 13063 | D:10     | Found a white marble altar of Elyvilon.
 13711 | D:10     | Found a large runed translucent door.
 13712 | D:10     | Found a large runed translucent door.
 14440 | D:10     | Found a sacrificial altar of Ru.
 14449 | D:10     | Found a broken altar of Ashenzari.
 14454 | D:10     | Became a worshipper of Ashenzari the Shackled
 14522 | D:11     | Noticed Erolcha
 14529 | D:11     | Killed Erolcha
 14860 | D:11     | Reached skill level 14 in Spellcasting
 15321 | D:11     | Noticed a two-headed ogre
 15327 | D:11     | Killed a two-headed ogre
 15367 | D:11     | Noticed a two-headed ogre
 15380 | D:11     | Killed a two-headed ogre
 15381 | D:11     | Reached XP level 12. HP: 51/70 MP: 0/0
 15586 | D:11     | Noticed a boulder beetle
 15586 | D:11     | Noticed a seven-headed hydra
 15639 | D:11     | Noticed a rakshasa
 15648 | D:11     | Killed a rakshasa
 15833 | D:11     | Noticed a centaur warrior
 15838 | D:11     | Shot with an arrow by a centaur warrior

Illustrated notes

Levels and vault maps discovered:
D:1:      mainiacjoe_arrival_reflecting_pool, layout_rooms,
          serial_co_window_serial, co_window_paths_b, co_window_cross_1,
          co_window_cross_1, co_window_corner_a, co_window_corner_a,
          co_window_corner_b, co_window_unsneaky_path_a,
          co_window_of_opportunity_b, co_window_4corner_b, glass_columns_a,
          minivault_23
D:2:      minmay_skewed_foursquare, layout_basic
D:3:      layout_rooms, nicolae_qazlal_style_of_elements, minmay_liquid_box,
          bh_walls_and_bars
D:4:      layout_rooms, marbit_many_paths, grunt_dithmenos_smoke,
          uniq_crazy_yiuf_cottage
D:5:      layout_loops_ring, bloody_makhleb, serial_shops,
          nicolae_shop_window_shopping, minmay_misc_feat_ornament,
          uniq_eustachio
D:6:      gammafunk_wand_slinger, layout_cave_pods, minmay_temple_entry_grid,
          uniq_sigmund
D:7:      layout_basic, serial_shops, nicolae_stop_n_shop_2
D:8:      layout_gridville, xom_redecorated,
          mainiacjoe_overflow_six_doors_small, serial_shops, shop
D:9:      layout_loops_ring, mainiacjoe_overflow_concentric_impassable,
          orc_0_dummy, special_room [special_room_orc],
          chequers_serial_rivers_room_b
D:10:     layout_basic, palyth_temple_overflow_mages, elyvilon_altar_5,
          jmf_multi_god_temple2, serial_shops, shop, kennysheep_cross_bottleneck
D:11:     minmay_tile_spiral, layout_stronghold, lair_entry_dummy,
          small_statue_alley_a, uniq_erolcha
Temple:   compressed_dpeg_triangle_lava_temple

Skill      XL: |  1  2  3  4  5  6  7  8  9 10 11 |
---------------+----------------------------------+-----
Spellcasting   | 4 5 6 7 8 10 12 14 | 14.6
Dodging        | |  2.1
Stealth        | |  1.5

Action                   |  1- 3 |  4- 6 |  7- 9 | 10-12 || total
-------------------------+-------+-------+-------+-------++-------
 Cast: Magic Dart        |    63 |    65 |    79 |    65 ||   272
       Iskenderun's Myst |       |     2 |    31 |    52 ||    85
       Fulminant Prism   |       |     2 |    44 |    62 ||   108
       Searing Ray       |       |     1 |       |       ||     1
       Scorch            |       |    11 |    14 |       ||    25
       Anguish           |       |       |       |     2 ||     2
  Use: Scroll            |       |       |     2 |     1 ||     3
       Potion            |       |       |       |     1 ||     1
Armor: Robe              |       |     1 |     9 |       ||    10
       Leather armour    |       |       |       |     7 ||     7
Dodge: Dodged            |     4 |     5 |    33 |    40 ||    82

Table legend: (Time is in decaauts)
 A = Elapsed time spent in this place.
 B = Non-inter-level travel time spent in this place.
 C = Inter-level travel time spent in this place.
 D = Time resting spent in this place.
 E = Time spent auto-exploring this place.
 F = Levels seen in this place.
 G = Mean time per level.
                   A        B        C        D        E       F      G
               +--------+--------+--------+--------+--------+-----+--------+
         Total |  15841 |  15447 |    394 |   4786 |   9306 |  12 | 1320.1 |
       Dungeon |  15537 |  15183 |    354 |   4786 |   9049 |  11 | 1412.5 |
        Temple |    303 |    263 |     40 |      0 |    257 |   1 |  303.0 |
               +--------+--------+--------+--------+--------+-----+--------+

Top non-repeatable levels by time:
     D:4: 2346 daAuts
    D:10: 1593 daAuts
     D:6: 1510 daAuts
     D:8: 1459 daAuts
     D:5: 1416 daAuts
    D:11: 1318 daAuts
     D:7: 1308 daAuts
     D:9: 1246 daAuts
     D:2: 1217 daAuts
     D:1: 1153 daAuts
     D:3: 965 daAuts
  Temple: 303 daAuts
